 Dungeon Crawl Stone Soup version 0.27.0-1-g7a089689b8 (webtiles) character file.

Game seed: 8720204999464493554

217 jamesdean20 the Ruffian (level 5, 0/46 HPs)
             Began as a Ghoul Monk on Aug 4, 2021.
             Slain by a gnoll (4 damage)
             ... on level 4 of the Dungeon.
             The game lasted 00:34:43 (3982 turns).

jamesdean20 the Ruffian (Ghoul Monk)                Turns: 3982, Time: 00:34:44

Health: 0/46       AC:  5    Str: 16    XL:     5   Next: 94%
Magic:  4/4        EV: 12    Int:  5    God:
Gold:   200        SH:  0    Dex: 11    Spells: 4/4 levels left

rFire    . . .     SeeInvis .     - Unarmed
rCold    + . .     Faith    .   (no shield)
rNeg     + + +     Spirit   .   a - +0 robe
rPois    ∞         Reflect  .   (no helmet)
rElec    .         Harm     .   e - +0 cloak
rCorr    .         Rampage  .   h - +0 pair of gloves
Will     .....                  f - +0 pair of boots
Stlth    ++........             (no amulet)
HPRegen  0.00/turn              (no ring)
MPRegen  0.09/turn              (no ring)

@: inhibited regen
A: claws 1, cold resistance 1, negative energy resistance 3, inhibited
regeneration, torment resistance 2
a: no special abilities


You were on level 4 of the Dungeon.
You visited 1 branch of the dungeon, and saw 4 of its levels.

You collected 200 gold pieces.

Inventory:

Armour
 a - a +0 robe (worn)
 e - a +0 cloak (worn)
 f - a +0 pair of boots (worn)
 h - a +0 pair of gloves (worn)
Wands
 j - a wand of acid (6)
Scrolls
 b - a scroll of teleportation {unknown}
 i - a scroll of torment {unknown}
 k - a scroll of vulnerability {unknown}
 m - 2 scrolls of brand weapon {unknown}
Potions
 c - a potion of heal wounds
 d - a potion of attraction {unknown}
 g - a potion of haste {unknown}
 l - a potion of curing {unknown}
 n - a potion of invisibility {unknown}
 o - a potion of flight {unknown}


   Skills:
 + Level 4.0 Fighting
 + Level 3.3 Dodging
 + Level 3.5 Stealth
 + Level 5.6 Unarmed Combat


You had 4 spell levels left.
You didn't know any spells.
Your spell library contained the following spells:

 Spells                   Type           Power      Damage    Failure   Level
 Blink                    Tloc           N/A        N/A       63%         2
 Lesser Beckoning         Tloc           0%         N/A       85%         3
 Manifold Assault         Tloc           0%         N/A       100%        5


Dungeon Overview and Level Annotations

Branches:
Dungeon (4/15)
 Temple: D:4-7

Altars:
Elyvilon
Fedhas
Vehumet

Shops:
D:4 :


Innate Abilities, Weirdness & Mutations

You thrive by killing the living.
You are immune to poison.
You have sharp fingernails.
Your flesh is cold resistant. (rC+)
You are immune to negative energy. (rN+++)
You do not regenerate when monsters are visible.
You are immune to unholy pain and torment.


Message History

The gnoll hits you but does no damage.
You hit the gnoll sergeant but do no damage.
The gnoll sergeant is moderately wounded.
The gnoll sergeant hits you with a +2 spear of venom.
You closely miss the gnoll sergeant.
The gnoll sergeant is moderately wounded.
The gnoll closely misses you. The gnoll sergeant barely misses you.
You barely miss the gnoll sergeant.
The gnoll sergeant is moderately wounded.
The gnoll hits you from afar with a +0 spear.
* * * LOW HITPOINT WARNING * * *
The gnoll sergeant closely misses you.
You barely miss the gnoll sergeant.
The gnoll sergeant is moderately wounded.
The gnoll hits you but does no damage.
You feel much better.
The gnoll sergeant hits you with a +2 spear of venom.
A gnoll comes into view. It is wielding a +0 flail.
The gnoll completely misses you.
You closely miss the gnoll sergeant.
The gnoll sergeant is moderately wounded.
The gnoll sergeant hits you with a +2 spear of venom.
The gnoll hits you from afar with a +0 spear.
You barely miss the gnoll sergeant.
The gnoll sergeant is moderately wounded.
The gnoll sergeant hits you with a +2 spear of venom.
The gnoll hits you but does no damage.
You hit the gnoll sergeant but do no damage.
The gnoll sergeant is moderately wounded.
The gnoll sergeant hits you with a +2 spear of venom.
The gnoll hits you from afar with a +0 spear.
You hit the gnoll sergeant but do no damage.
The gnoll sergeant is moderately wounded.
The gnoll sergeant barely misses you. The gnoll barely misses you.
You hit the gnoll sergeant.
The gnoll sergeant is heavily wounded.
The gnoll sergeant hits you with a +2 spear of venom!
* * * LOW HITPOINT WARNING * * *
The gnoll hits you from afar with a +0 spear.
You die...

#.. .# ###..
). ##.#.. ..
##....# #g
#...... #g
##...## #.
......##
#.###########
#######
#.)ggg@.....#
###########.#
##### #.#
##.... #.#
##...##
#.#####.....#
#.......<...#
#######.....#
##...## #####


You could see a gnoll sergeant and 2 gnolls.

Vanquished Creatures
  A hound (D:2)
  Jessica (D:2)
  A killer bee zombie (D:4)
  3 gnolls
  An adder (D:2)
  4 worms (D:2)
  3 dart slugs
  5 endoplasms
  4 giant cockroaches
  9 goblins
  8 hobgoblins
  9 jackals
  3 quokkas
  11 ball pythons
  4 bats
  3 frilled lizards
  6 kobolds
  7 rats
83 creatures vanquished.

Vanquished Creatures (others)
  5 plants (D:2)
5 creatures vanquished.

Grand Total: 88 creatures vanquished

Notes
Turn   | Place    | Note
-------+----------+-------------------------------------------
     0 | D:1      | jamesdean20 the Ghoul Monk began the quest for the Orb.
     0 | D:1      | Reached XP level 1. HP: 19/19 MP: 0/0
   319 | D:1      | Reached XP level 2. HP: 26/26 MP: 1/1
   714 | D:1      | Reached XP level 3. HP: 33/33 MP: 2/2
   757 | D:1      | Noticed a shining eye
   759 | D:1      | Noticed an eye of devastation
   761 | D:1      | Found a faded altar of an unknown god.
   789 | D:1      | Noticed a shining eye
   891 | D:1      | Reached skill level 4 in Unarmed Combat
  1385 | D:1      | Noticed a floating eye
  1470 | D:2      | Noticed Jessica
  1483 | D:2      | Killed Jessica
  1484 | D:2      | Reached XP level 4. HP: 28/40 MP: 3/3
  1979 | D:2      | Reached XP level 5. HP: 22/46 MP: 4/4
  2345 | D:2      | Reached skill level 5 in Unarmed Combat
  3126 | D:3      | Found a blossoming altar of Fedhas.
  3841 | D:4      | Found a radiant altar of Vehumet.
  3870 | D:4      | Found Aty Ruru's Book Boutique.
  3982 | D:4      | Slain by a gnoll

Illustrated notes

Levels and vault maps discovered:
D:1:      psy_arrival_conway, layout_basic,
          hellmonk_ecumenical_altar_watching_god, minmay_heptomino_w4
D:2:      minmay_spotlight, layout_basic, serial_bayou_pond_b, minmay_quantized,
          uniq_jessica
D:3:      layout_basic, general_overflow_altar, kennysheep_generic_room_12
D:4:      layout_loops_ring, mainiacjoe_overflow_boulevard,
          amcnicky_altar_gilded, serial_shops, nicolae_diamond_shop,
          columned_hall_lemuel, nicolae_shop_overcharged_wands

Skill      XL: |  1  2  3  4  5 |
---------------+----------------+-----
Dodging        | 3 |  3.3
Unarmed Combat | 4 5 |  5.6
Stealth        | 3 |  3.5
Fighting       | 4 |  4.0

Action                   |  1- 3 |  4- 6 || total
-------------------------+-------+-------++-------
Melee: Unarmed           |    74 |   161 ||   235
       Punch             |     1 |     3 ||     4
  Use: Scroll            |     1 |       ||     1
       Potion            |       |     1 ||     1
 Stab: Sleeping          |     4 |     8 ||    12
       Distracted        |     1 |       ||     1
Armor: Robe              |     5 |    25 ||    30
Dodge: Dodged            |    29 |    71 ||   100
